 Dungeon Sprint DCSS version bcrawl-1.21.2-1-g32d02e0829 (webtiles) character file.

Game seed: 12150506833078834939

9535 MordorOrchid the Eclecticist (level 11, -2/72 HPs)
             Began as a Fairy Enchanter on Feb 17, 2020.
             Was the Champion of Sif Muna.
             Slain by an orc high priest
             ... wielding a +1 dire flail of protection
              (8 damage)
             ... in the Dungeon (Sprint IX: "|||||||||||||||||||||||||||||").
             The game lasted 00:19:10 (1483 turns).

MordorOrchid the Eclecticist (Fairy Enchanter)      Turns: 1483, Time: 00:19:11

Health: -2/72      AC:  9    Str:  6    XL:     11   Next: 48%
Magic:  16/32      EV: 27    Int: 25    God:    Sif Muna [******]
Gold:   1288       SH:  6    Dex: 16    Spells: 3/41 levels left

rFire    . . .     SeeInvis .   A - +0 dagger (drain)
rCold    . . .     Gourm    .   (shield restricted)
rNeg     . . .     Faith    .   (armour unavailable)
rPois    .         Spirit   .   y - +0 helmet
rElec    .         Reflect  .   p - +0 cloak
rCorr    .         Harm     .   q - +0 pair of gloves
MR       +....     NoTele   +   (no boots)
Stlth    ++........             (no amulet)
HPRegen  0.22/turn              r - +3 ring of dexterity
MPRegen  0.23/turn              s - +3 ring of intelligence

@: flying evasively, divine energy
A: small, magic attunement, unstealthy, unfitting armour, able to fly, AC/SH +6
a: Stop Flying, Stop Divine Energy, Channel Magic, Forget Spell, Renounce
Religion


You were in the Dungeon.
You worshipped Sif Muna.
Sif Muna was exalted by your worship.
You were hungry.

You visited 1 branch You collected 1288 gold pieces.

Inventory:

Hand Weapons
 a - a +1 dagger
 n - a +2 rapier of distortion
 o - a +2 scimitar of electrocution
 A - a +0 dagger of draining (weapon)
Missiles
 z - 168 tomahawks (quivered)
Armour
 p - a +0 cloak (worn)
 q - a +0 pair of gloves (worn)
 y - a +0 helmet (worn)
Magical Staves
 m - an uncursed staff of energy
Jewellery
 r - a +3 ring of dexterity (left hand)
 s - a +3 ring of intelligence (right hand)
Wands
 l - a wand of iceblast (7)
Scrolls
 c - 2 scrolls of fog
 h - 3 scrolls of remove curse
 j - 2 scrolls of amnesia
 k - 3 scrolls of blinking
 v - 4 scrolls of enchant weapon
 w - 2 scrolls of fear
 x - a scroll of enchant armour
Potions
 d - a potion of invisibility
 f - 5 potions of curing
 g - 9 potions of heal wounds
 i - 4 potions of magic
 t - a potion of mutation
 u - a potion of berserk rage
Comestibles
 b - 17 chunks of flesh
 e - 11 rations {!d}


   Skills:
 - Level 5.2 Fighting
 - Level 5.0 Short Blades
 - Level 12.1 Dodging
 - Level 5.2 Stealth
 + Level 15.6 Spellcasting
 + Level 13.4 Conjurations
 - Level 8.2 Hexes
 * Level 3.7 Summonings
 - Level 6.1 Transmutations
 + Level 12.0 Fire Magic
 - Level 3.3 Ice Magic
 - Level 3.2 Air Magic
 - Level 2.3 Poison Magic
 - Level 5.0 Invocations
 - Level 6.6 Evocations


You had 3 spell levels left.
You knew the following spells:

 Your Spells              Type           Power        Failure   Level  Hunger
a - Corona                Hex            ######.      1%          1    None
b - Ensorcelled Hibernat  Hex/Ice        #####.       1%          2    None
c - Confuse               Hex            ######..     1%          3    None
d - Tukima's Dance        Hex            ######..     1%          3    None
e - Dazzling Spray        Conj/Hex       ######       1%          3    None
f - Fireball              Conj/Fire      ######....   1%          5    None
g - Mephitic Cloud        Conj/Pois/Air  ######..     1%          3    None
h - Bolt of Fire          Conj/Fire      ######....   2%          6    None
r - Irradiate             Conj/Tmut      ######....   1%          5    None
s - Spellforged Servitor  Conj/Summ      ######....   56%         7    None

Your spell library contained the following spells:

 Spells                   Type           Power        Failure   Level  Hunger
 Flame Tongue             Conj/Fire      #####        0%          1    None
 Magic Dart               Conj           ####         0%          1    None
 Sting                    Conj/Pois      ####         1%          1    None
 Searing Ray              Conj           ######..     1%          2    None
 Sticks to Snakes         Tmut           ######..     1%          2    None
 Throw Frost              Conj/Ice       ######       1%          2    None
 Conjure Flame            Conj/Fire      ######..     1%          3    None
 Ignite Poison            Fire/Tmut/Pois ######..     1%          3    None
 Iskenderun's Mystic Bla  Conj           ######..     1%          3    None
 Spider Form              Tmut/Pois      ###          1%          3    None
 Stone Arrow              Conj/Erth      ######       1%          3    None
 Infusion                 Chrm           ###.....     2%          1    None
 Pain                     Necr           ###...       2%          1    None
 Blink                    Tloc           N/A          4%          2    None
 Sublimation of Blood     Necr           ###.......   4%          2    None
 Cause Fear               Hex            ######....   1%          4    None
 Fulminant Prism          Conj/Hex       ######....   1%          4    None
 Throw Icicle             Conj/Ice       ######..     1%          4    None
 Yara's Violent Unravell  Hex/Tmut       ######....   1%          4    None
 Bolt of Magma            Conj/Fire/Erth ######....   2%          5    None
 Ice Form                 Ice/Tmut       #####...     4%          4    None
 Bolt of Draining         Conj/Necr      ######....   4%          5    None
 Iskenderun's Battlesphe  Conj/Chrm      ######..     4%          5    None
 Tree Form                Hex/Tmut       N/A          4%          5    None
 Summon Mana Viper        Hex/Summ       #####...     6%          5    None
 Orb of Destruction       Conj           ######....   10%         7    None
 Conjure Ball Lightning   Conj/Air       ######....   14%         6    None
 Darkness                 Hex            ######....   14%         6    None
 Poison Arrow             Conj/Pois      ######....   17%         6    None
 Iron Shot                Conj/Erth      ######....   26%         6    None
 Mana Rupture             Conj/Hex       ######....   26%         7    None
 Infestation              Hex/Tmut/Pois  #####....    38%         6    None
 Dispel Undead            Necr           ###.....     58%         5    None
 Passage of Golubria      Tloc           N/A          58%         5    None
 Borgnjor's Vile Clutch   Necr/Erth      ###.......   99%         6    None
 Chain Lightning          Conj/Air       ######....   99%         8    None
 Discord                  Hex            ######....   99%         8    None
 Fire Storm               Conj/Fire      ######....   100%        9    None


Dungeon Overview and Level Annotations

Branches:
Dungeon (1/1)

Altars:
Cheibriados
Dithmenos
Elyvilon
Fedhas
Gozag
Hepliaklqana
Kikubaaqudgha
Lugonu
Makhleb
Nemelex Xobeh
Okawaru
Qazlal
Ru
Sif Muna
Trog
Uskayaw
Vehumet
Wu Jian
Xom
Yredelemnul
Zin
The Shining One
Beogh
Jiyva

Shops:
D =


Innate Abilities, Weirdness & Mutations

Your spells do not cause hunger and MP costs are reduced by 1.
Your bright wings attract enemies. (Stealth-)
You cannot fit into any form of body armour.
Your shimmering scales are hard and can block incoming attacks. (AC +6, SH +6)
You are small and have problems with some larger weapons.
You can fly continuously.


Message History

The orc high priest calls down the wrath of Beogh upon you.
Beogh smites you!
* * * LOW HITPOINT WARNING * * *
Casting: Bolt of Fire (safe; 2% risk of failure)
Confirm with . or Enter, or press ? or * to list all spells.
Aiming: Bolt of Fire (safe; 2% risk of failure)
Press: ? - help, Shift-Dir - straight line, f/p - orc high priest
Aim: an orc high priest, wielding a +1 dire flail of protection and wearing a +3 leather armour (lightly wounded)
The bolt of fire hits the orc high priest!!
The orc high priest is heavily wounded.
The bolt of fire hits the smoke demon.
The smoke demon resists.
The smoke demon is lightly wounded.
The bolt of fire hits the orc high priest!!
You kill the orc high priest!
Sif Muna accepts your kill.
The hellwing disappears in a puff of smoke!
The smoke demon disappears in a puff of smoke!
Your Fire Magic skill increases to level 12!
The orc high priest hits you with a +1 dire flail of protection!
You die...

__________________'...)..[÷.'÷...
▓▓▓▓▓▓▓▓▓▓▓▓▓▓▓▓▓▓▓▓▓▓▓▓▓▓▓▓▓▓▓▓▓
.................................
▓▓▓▓▓▓▓▓▓▓▓▓▓▓▓▓▓▓▓▓▓▓▓▓▓▓▓▓▓▓▓▓▓
†.†.....'.........÷.†.†....[.(.'.
▓▓▓▓▓▓▓▓▓▓▓▓▓▓▓▓▓▓▓▓▓▓▓▓▓▓▓▓▓▓▓▓▓
.................................
▓▓▓▓▓▓▓▓▓▓▓▓▓▓▓▓▓▓▓▓▓▓▓▓▓▓▓▓▓▓▓▓▓
)..÷'[)).......)@o§))§$∩
▓▓▓▓▓▓▓▓▓▓▓▓▓▓▓▓▓▓▓▓▓▓▓▓


You could see an orc high priest.

Vanquished Creatures
  2 hydras (D)
  3 orc high priests (D)
  2 orc knights (D)
  An orc sorcerer (D)
  3 cane toads (D)
  A rime drake (D)
  2 polar bears (D)
  A dream sheep (D)
  A blink frog (D)
  A hippogriff (D)
  A wraith (D)
  A yak (D)
  A basilisk (D)
  3 crocodiles (D)
  A water moccasin (D)
  2 porcupines (D)
  2 ice beasts (D)
  9 orc warriors (D)
  7 black bears (D)
  An eye of draining (D)
  An ogre (D)
  2 bullfrogs (D)
  A scorpion (D)
  A crimson imp (D)
  2 hounds (D)
  4 orc wizards (D)
  4 orc priests (D)
  An adder (D)
  7 orcs (D)
  A ball python (D)
  A bat zombie (D)
  A giant cockroach (D)
  A hobgoblin (D)
  A quokka (D)
  A ball python zombie (D)
  A giant cockroach zombie (D)
  A goblin (D)
  2 rats (D)
78 creatures vanquished.

Notes
Turn   | Place    | Note
-------+----------+-------------------------------------------
     0 | D        | MordorOrchid the Fairy Enchanter began the quest for the
                  | Orb.
     0 | D        | Reached XP level 1. HP: 11/11 MP: 6/6
    15 | D        | Reached skill level 1 in Fighting
   165 | D        | Noticed a scorpion
   165 | D        | Noticed an ice beast
   170 | D        | Killed a scorpion
   170 | D        | Reached skill level 5 in Dodging
   170 | D        | Reached skill level 4 in Spellcasting
   170 | D        | Reached XP level 2. HP: 21/21 MP: 7/9
   170 | D        | Reached XP level 3. HP: 26/26 MP: 7/10
   180 | D        | Killed an ice beast
   180 | D        | Reached skill level 6 in Spellcasting
   180 | D        | Reached XP level 4. HP: 34/34 MP: 8/14
   180 | D        | Reached XP level 5. HP: 38/38 MP: 8/15
   192 | D        | Found a roughly hewn altar of Beogh.
   192 | D        | Found a snail-covered altar of Cheibriados.
   192 | D        | Found a shadowy altar of Dithmenos.
   192 | D        | Found a white marble altar of Elyvilon.
   192 | D        | Found a blossoming altar of Fedhas.
   192 | D        | Found an opulent altar of Gozag.
   193 | D        | Found a hazy altar of Hepliaklqana.
   194 | D        | Found a viscous altar of Jiyva.
   195 | D        | Found an ancient bone altar of Kikubaaqudgha.
   196 | D        | Found a corrupted altar of Lugonu.
   197 | D        | Found a burning altar of Makhleb.
   198 | D        | Found a sparkling altar of Nemelex Xobeh.
   199 | D        | Found an iron altar of Okawaru.
   200 | D        | Found a stormy altar of Qazlal.
   201 | D        | Found a sacrificial altar of Ru.
   202 | D        | Found a shimmering blue altar of Sif Muna.
   203 | D        | Found a bloodstained altar of Trog.
   204 | D        | Found a hide-covered altar of Uskayaw.
   205 | D        | Found a radiant altar of Vehumet.
   206 | D        | Found an ornate altar of the Wu Jian Council.
   207 | D        | Found a shimmering altar of Xom.
   208 | D        | Found a basalt altar of Yredelemnul.
   209 | D        | Found a glowing silver altar of Zin.
   210 | D        | Became a worshipper of Sif Muna the Loreminder
   211 | D        | Found a glowing golden altar of the Shining One.
   254 | D        | Learned a level 2 spell: Ensorcelled Hibernation
   258 | D        | Learned a level 3 spell: Confuse
   262 | D        | Learned a level 3 spell: Tukima's Dance
   266 | D        | Learned a level 3 spell: Dazzling Spray
   267 | D        | Noticed a bullfrog
   267 | D        | Noticed an ice beast
   275 | D        | Killed a bullfrog
   275 | D        | Reached skill level 5 in Evocations
   275 | D        | Reached XP level 6. HP: 45/45 MP: 14/17
   283 | D        | Reached skill level 5 in Fighting
   287 | D        | Reached * piety under Sif Muna
   287 | D        | Reached skill level 1 in Conjurations
   287 | D        | Reached skill level 1 in Ice Magic
   357 | D        | Killed an ice beast
   444 | D        | Noticed a wraith
   444 | D        | Noticed an eye of draining
   444 | D        | Noticed a five-headed hydra
   463 | D        | Killed a wraith
   463 | D        | Reached ** piety under Sif Muna
   463 | D        | Identified Sif Muna's Compendium of Confrontation (Sif Muna
                  | gifted it to you in the Dungeon)
   463 | D        | Received a gift from Sif Muna
   463 | D        | Reached skill level 7 in Spellcasting
   463 | D        | Reached XP level 7. HP: 49/50 MP: 8/19
   466 | D        | Killed a five-headed hydra
   466 | D        | Reached skill level 5 in Short Blades
   466 | D        | Reached skill level 10 in Dodging
   466 | D        | Reached skill level 9 in Spellcasting
   466 | D        | Reached skill level 5 in Conjurations
   466 | D        | Reached XP level 8. HP: 55/55 MP: 8/23
   466 | D        | Reached *** piety under Sif Muna
   488 | D        | Learned a level 3 spell: Mephitic Cloud
   494 | D        | Learned a level 5 spell: Fireball
   563 | D        | Received a gift from Sif Muna
   563 | D        | Reached skill level 1 in Fire Magic
   563 | D        | Reached skill level 1 in Air Magic
   563 | D        | Reached skill level 1 in Poison Magic
   694 | D        | Noticed a yak
   694 | D        | Noticed a cane toad
   700 | D        | Reached skill level 5 in Invocations
   701 | D        | Noticed a rime drake
   705 | D        | Noticed a hippogriff
   718 | D        | Noticed a cane toad
   720 | D        | Killed a yak
   720 | D        | Reached skill level 10 in Spellcasting
   720 | D        | Reached XP level 9. HP: 55/61 MP: 11/25
   742 | D        | Reached **** piety under Sif Muna
   998 | D        | Killed a cane toad
   998 | D        | Identified Sif Muna's Catalogue of Destructive Benedictions
                  | (Sif Muna gifted it to you in the Dungeon)
   998 | D        | Received a gift from Sif Muna
  1011 | D        | Killed a rime drake
  1011 | D        | Reached skill level 5 in Fire Magic
  1033 | D        | Killed a cane toad
  1033 | D        | Reached skill level 5 in Stealth
  1059 | D        | Learned a level 5 spell: Irradiate
  1096 | D        | Noticed a six-headed hydra
  1108 | D        | Killed a six-headed hydra
  1108 | D        | Identified Sif Muna's Incunabulum of Bewitchment (Sif Muna
                  | gifted it to you in the Dungeon)
  1108 | D        | Received a gift from Sif Muna
  1108 | D        | Reached skill level 11 in Spellcasting
  1108 | D        | Reached XP level 10. HP: 66/66 MP: 14/27
  1112 | D        | Reached ***** piety under Sif Muna
  1124 | D        | Reached skill level 10 in Conjurations
  1126 | D        | Noticed a cane toad
  1128 | D        | Identified Sif Muna's Tome of Fire (Sif Muna gifted it to
                  | you in the Dungeon)
  1128 | D        | Received a gift from Sif Muna
  1133 | D        | Reached skill level 12 in Spellcasting
  1143 | D        | Killed a cane toad
  1175 | D        | Learned a level 6 spell: Bolt of Fire
  1182 | D        | Identified Sif Muna's Grimoire of Cold and Unholy Magic
                  | (Sif Muna gifted it to you in the Dungeon)
  1182 | D        | Received a gift from Sif Muna
  1183 | D        | Reached skill level 5 in Transmutations
  1184 | D        | Reached skill level 13 in Spellcasting
  1318 | D        | Received a gift from Sif Muna
  1370 | D        | Noticed an orc knight
  1373 | D        | Noticed an orc sorcerer
  1374 | D        | Reached skill level 10 in Fire Magic
  1376 | D        | Killed an orc knight
  1376 | D        | Identified Sif Muna's Guide on Flames and Bewitchment (Sif
                  | Muna gifted it to you in the Dungeon)
  1376 | D        | Received a gift from Sif Muna
  1376 | D        | Reached XP level 11. HP: 57/72 MP: 4/30
  1376 | D        | Noticed an orc knight
  1378 | D        | Killed an orc sorcerer
  1378 | D        | Reached skill level 14 in Spellcasting
  1408 | D        | Killed an orc knight
  1412 | D        | Reached ****** piety under Sif Muna
  1412 | D        | Identified Sif Muna's Reference Book on Confrontation (Sif
                  | Muna gifted it to you in the Dungeon)
  1412 | D        | Received a gift from Sif Muna
  1471 | D        | Learned a level 7 spell: Spellforged Servitor
  1472 | D        | Found Zioceemn's Jewellery Emporium.
  1472 | D        | Noticed an orc high priest
  1472 | D        | Noticed an orc high priest
  1472 | D        | Noticed an orc high priest
  1473 | D        | Noticed an orc high priest
  1474 | D        | Noticed a soul eater
  1474 | D        | Killed an orc high priest
  1474 | D        | Reached skill level 15 in Spellcasting
  1476 | D        | Killed an orc high priest
  1477 | D        | Identified Sif Muna's Grimoire of Dislocated Shape Shifting
                  | (Sif Muna gifted it to you in the Dungeon)
  1477 | D        | Received a gift from Sif Muna
  1483 | D        | Killed an orc high priest
  1483 | D        | Slain by an orc high priest

Skill      XL: |  1  2  3  4  5  6  7  8  9 10 11 |
---------------+----------------------------------+-----
Fighting       | 3 4 5 |  5.2
Dodging        | 5 7 8 10 11 12 | 12.1
Short Blades   | 2 3 5 |  5.0
Spellcasting   | 4 6 7 9 10 11 13 15 | 15.6
Hexes          | 4 6 8 |  8.2
Evocations     | 5 6 |  6.6
Conjurations   | 3 5 6 9 12 13 | 13.4
Ice Magic      | 3 |  3.3
Invocations    | 2 4 5 |  5.0
Fire Magic     | 3 7 10 12 | 12.0
Air Magic      | 2 3 |  3.2
Poison Magic   | 2 |  2.3
Stealth        | 5 |  5.2
Transmutations | 2 6 |  6.1
Summonings     | 3 |  3.7

Action                   |  1- 3 |  4- 6 |  7- 9 | 10-12 || total
-------------------------+-------+-------+-------+-------++-------
Melee: Dagger            |    26 |    58 |    73 |    37 ||   194
 Cast: Corona            |     4 |       |       |       ||     4
       Ensorcelled Hiber |       |     4 |    19 |     5 ||    28
       Confuse           |       |    11 |     9 |    11 ||    31
       Dazzling Spray    |       |     2 |    11 |    10 ||    23
       Fireball          |       |       |     2 |    11 ||    13
       Bolt of Fire      |       |       |       |    21 ||    21
Invok: Channel Magic     |       |       |       |     6 ||     6
       Divine Energy     |       |       |       |     1 ||     1
Evoke: Wand              |       |     1 |     2 |       ||     3
  Use: Potion            |     2 |     1 |       |       ||     3
 Stab: Invisible         |       |     4 |       |     2 ||     6
       Sleeping          |       |     3 |     6 |     3 ||    12
       Confused          |       |     3 |     6 |     9 ||    18
  Eat: Chunk             |       |       |     1 |     2 ||     3
Armor: Skin              |     2 |     6 |     3 |     1 ||    12
Dodge: Dodged            |    11 |    43 |    33 |    20 ||   107
Block: Other             |     3 |     6 |     5 |    10 ||    24
